cohdb
Replays
Latest Replays
All Replays
Popular Replays
Top Player Replays
Match Explorer
How It Works
Community
CoH3 Stats
Reddit
Sign in to upload your games and track your stats! →
Sign in with Steam
Match 44591430
Unlisted
Match 44591430
Overview
Messages
Build Orders
End
Selects Italian Combined Arms Battlegroup
Selects Bersaglieri Squad
Bersaglieri Squad
250 Light Carrier
Bersaglieri Squad
Bersaglieri Squad
Construct Light Support Kompanie
Selects Bersaglieri Bolster
MG34 Team
2.5-tonne Medical Truck
Selects Breda Model 30 Light Machine Guns
Panzerjäger Mechanized Group
Panzerpioneer Squad
Jason_Beebe
荒喃
Chris P. Bacon
Naoji
剩者为王
杨司令
JT
陈浩南
0
0
Comments
sign in to comment!
No comments posted yet!